 Dungeon Crawl Stone Soup version 0.29.1-15-g9cfb28693d (webtiles) character file.

Game seed: 764108817333704763

28 DemonSlayer the Digger (level 3, 0/36 HPs)
             Began as a Demonspawn Earth Elementalist on Mar 6, 2023.
             Slain by Terence
             ... wielding a +0 short sword
              (2 damage)
             ... on level 2 of the Dungeon.
             The game lasted 00:03:05 (1285 turns).

DemonSlayer the Digger (DsEE)                       Turns: 1285, Time: 00:03:06

Health: 0/36       AC: 21    Str: 16    XL:     3   Next: 0%
Magic:  6/6        EV:  2    Int: 16    God:
Gold:   95         SH:  0    Dex: 13    Spells: 4/7 levels left

rFire   . . .      SeeInvis .   f - +0 spear
rCold   . . .      Faith    .   (no shield)
rNeg    . . .      Spirit   .   (body armour currently unavailable)
rPois   +          Reflect  .   (helmet currently unavailable)
rElec   .          Harm     .   (cloak currently unavailable)
rCorr   .          Rampage  .   (gloves currently unavailable)
Will    .....      NoTele   +   (boots currently unavailable)
Stlth   ++........              (no amulet)
HPRegen 0.12/turn               g - +6 ring of strength
MPRegen 0.10/turn               (no ring)

@: tree-form
A: stationary, stasis, torment immunity, boosted hp, (sturdy frame 1)
a: no special abilities


You were on level 2 of the Dungeon.
You were a tree.
You visited 1 branch of the dungeon, and saw 2 of its levels.

You collected 95 gold pieces.

Inventory:

Hand Weapons
 f - a +0 spear (weapon)
Armour
 a - a +0 robe (melded)
 c - a +0 pair of gloves (melded)
Jewellery
 g - a +6 ring of strength (left branch)
Wands
 j - a wand of quicksilver (5)
Scrolls
 b - a scroll of poison {unknown}
 d - 2 scrolls of teleportation {unknown}
 e - a scroll of brand weapon {unknown}
 k - a scroll of acquirement {unknown}
Potions
 i - a potion of curing {unknown}
 l - a potion of degeneration {unknown}


   Skills:
 + Level 0.1 Polearms
 + Level 2.0 Dodging
 + Level 2.2 Stealth
 + Level 2.5 Spellcasting
 + Level 1.1 Transmutations
 + Level 2.9 Earth Magic


You had 4 spell levels left.
You knew the following spells:

 Your Spells              Type           Power      Damage    Failure   Level
a - Sandblast             Erth           22%        2d7       6%          1
b - Passwall              Tmut/Erth      6%         N/A       13%         2

Your spell library contained the following spells:

 Spells                   Type           Power      Damage    Failure   Level
 Stone Arrow              Conj/Erth      12%        3d7       32%         3
 Petrify                  Tmut/Erth      8%         N/A       65%         4


Dungeon Overview and Level Annotations

Branches:
Dungeon (2/15)

Altars:

Shops:
D:1 (

Annotations:
D:2 Terence


Innate Abilities, Weirdness & Mutations

You are a tree.
Your roots penetrate the ground, keeping you stationary.
You cannot be teleported.
You are immune to unholy pain and torment.
Your maximum health is greatly increased.
Your equipment is partially melded.
((Your movements are slightly less encumbered by armour. (ER -2)))


Message History

* * * LOW HITPOINT WARNING * * *
You barely miss Terence.
Terence is heavily wounded.
Terence barely misses you. Terence completely misses you.
You hit Terence.
Terence is severely wounded.
Terence barely misses you.
You barely miss Terence.
Terence is severely wounded.
Terence misses you.
You closely miss Terence.
Terence is severely wounded.
Terence completely misses you.
You barely miss Terence.
Terence is severely wounded.
Terence says, "How do you enjoy it?" Terence hits you with a +0 short sword.
* * * LOW HITPOINT WARNING * * *
You hit Terence but do no damage.
Terence is severely wounded.
Terence hits you with a +0 short sword.
* * * LOW HITPOINT WARNING * * *
You hit Terence.
Terence is severely wounded.
Terence misses you.
You hit Terence but do no damage.
Terence is severely wounded.
Terence hits you with a +0 short sword.
* * * LOW HITPOINT WARNING * * *
It was a potion of lignification.
You turn into a tree.
Your +0 pair of gloves melds into your body.
Your +0 robe melds into your body.
Your roots penetrate the ground.
Terence hits you but does no damage.
You hit Terence.
Terence is severely wounded.
Terence hits you but does no damage.
You closely miss Terence.
Terence is severely wounded.
Terence hits you with a +0 short sword.
You die...

####.#### ##+# #.......#
#...# #.##.##.# .....#
#.##.##.# ......#
##.....#)# ###
.......####...>.#..###..
......@♣................
.......###..........##.#
......# #......<...##.#
.....# #..........##.#
#...# ###....##.###.#
##+# ##...#.## #..
#....# ### ##.### #.#


You could see Terence.

Vanquished Creatures
  3 ball pythons (D:1)
  4 bats (D:1)
  4 endoplasms
  A goblin (D:1)
  2 hobgoblins (D:1)
  4 quokkas (D:1)
  2 frilled lizards (D:1)
  A kobold (D:1)
  4 rats
25 creatures vanquished.

Notes
Turn   | Place    | Note
-------+----------+-------------------------------------------
     0 | D:1      | DemonSlayer the Demonspawn Earth Elementalist began the
                  | quest for the Orb.
     0 | D:1      | Reached XP level 1. HP: 13/13 MP: 3/3
    69 | D:1      | Reached skill level 1 in Transmutations
   305 | D:1      | Gained mutation: Your movements are slightly less
                  | encumbered by armour. (ER -2) [demonic ancestry]
   305 | D:1      | Reached XP level 2. HP: 19/19 MP: 1/5
   611 | D:1      | Found a faded altar of an unknown god.
   740 | D:1      | Found Ismahaen's Antique Weapon Shop.
  1142 | D:1      | Learned a level 2 spell: Passwall
  1171 | D:2      | Reached XP level 3. HP: 23/24 MP: 1/6
  1256 | D:2      | Noticed Terence
  1282 | D:2      | HP: 1/24 [Terence/+0 short sword (4)]
  1285 | D:2      | Slain by Terence

Illustrated notes

Levels and vault maps discovered:
D:1:      kennysheep_arrival_forest, layout_basic, serial_shops,
          nicolae_diamond_shop, nicolae_ecumenical_snake_handling
D:2:      layout_loops_corners, uniq_terence

Skill      XL: |  1  2 |
---------------+-------+-----
Transmutations | 1 |  1.1
Stealth        | 2 |  2.2
Dodging        | 2 |  2.0
Polearms       | |  0.1
Spellcasting   | |  2.5
Earth Magic    | |  2.9

Action                   || total
-------------------------++-------
Melee: Unarmed           ||     1
       Spear             ||    35
 Cast: Sandblast         ||    42
  Use: Potion            ||     2
 Stab: Sleeping          ||     2
Armor: Robe              ||    10
       Skin              ||     2
Dodge: Dodged            ||    37
